 Dungeon Crawl Stone Soup version 0.22-a0-558-gc224181 (webtiles) character file.

4342 iamserjio the Covert (level 10, -1/72 HPs)
             Began as an Octopode Wanderer on June 27, 2018.
             Was a Follower of Dithmenos.
             Slain by a warg (15 damage)
             ... on level 9 of the Dungeon.
             The game lasted 00:23:12 (10248 turns).

iamserjio the Covert (Octopode Wanderer)           Turns: 10248, Time: 00:23:13

Health: -1/72      AC:  1    Str: 14    XL:     10   Next: 33%
Magic:  12/12      EV: 18    Int: 16    God:    Dithmenos [*.....]
Gold:   413        SH:  0    Dex: 11    Spells: 9/9 levels left

rFire    . . .     SeeInvis .   G - +4 scimitar
rCold    . . .     Gourm    .   (no shield)
rNeg     + . .     Faith    .   (helmet restricted)
rPois    +         Spirit   .   (no amulet)
rElec    .         Reflect  .   i - ring of positive energy
rCorr    .         Harm     .   I - ring of poison resistance
MR       .....                  (no ring)
Stlth    +++++++...             (no ring)
HPRegen  0.22/turn              (no ring)
MPRegen  0.13/turn              (no ring)
                                (no ring)
                                (no ring)

@: wreathed by umbra
A: almost no armour, stealthy swim, amphibious, 8 rings, constrict 8, camouflage
1, gelatinous body 1
a: Renounce Religion


You were on level 9 of the Dungeon.
You worshipped Dithmenos.
Dithmenos was aware of your devotion.
You were not hungry.

You visited 2 branches of the dungeon, and saw 10 of its levels.

You collected 499 gold pieces.
You spent 86 gold pieces at shops.

Inventory:

Hand Weapons
 a - a +2 hand crossbow
 k - a +3 dagger of draining
 p - a +1 dagger of draining
 q - a +0 falchion
 u - a +1 flail of protection
 A - a +0 rapier
 G - a +4 scimitar (weapon)
 M - a +0 rapier
Missiles
 b - 97 bolts
 e - 8 needles of sleeping {!f}
 j - 10 tomahawks (quivered)
 w - 49 poisoned needles
 y - 7 needles of paralysis {!f}
 z - 2 needles of confusion
 E - 4 tomahawks of returning
Armour
 J - a +0 large shield
Jewellery
 i - a ring of positive energy (left tentacle)
 I - a ring of poison resistance (right tentacle)
 L - a +3 ring of intelligence {unknown}
Wands
 C - a wand of flame (30)
Scrolls
 c - 3 scrolls of teleportation
 h - 2 scrolls of enchant weapon
 m - 8 scrolls of amnesia
 n - 2 scrolls of magic mapping {unknown}
 D - 2 scrolls of remove curse {@r2}
 F - 2 scrolls of fear
 H - 2 scrolls of brand weapon
 O - a scroll of blinking {unknown}
Potions
 d - a potion of lignification
 g - a potion of invisibility
 l - a potion of brilliance
 o - a potion of resistance
 r - 4 potions of curing {@q1}
 s - 2 potions of haste
 t - a potion of mutation
 v - a potion of might {unknown}
 x - 2 potions of berserk rage
 B - 2 potions of agility
 K - 3 potions of flight {unknown}
Comestibles
 f - 20 rations


   Skills:
 + Level 7.8 Fighting
 * Level 6.1 Long Blades
 - Level 1.0 Crossbows
 - Level 1.0 Throwing
 + Level 9.5 Dodging
 + Level 10.4 Stealth
 - Level 3.0 Invocations
 - Level 1.1 Evocations


You had 9 spell levels left.
You didn't know any spells.
Your spell library contained the following spells:

 Spells                   Type           Power        Failure   Level  Hunger
 Magic Dart               Conj           #...         26%         1    ##.....
 Iskenderun's Mystic Bla  Conj           #.......     94%         4    #####..
 Fulminant Prism          Conj/Hex       #.........   94%         4    #####..
 Dazzling Spray           Conj/Hex       #.....       58%         3    ####...
 Force Lance              Conj/Tloc      #.......     94%         4    #####..
 Searing Ray              Conj           #.....       36%         2    ###....


Dungeon Overview and Level Annotations

Branches:
Dungeon (9/15)             Temple (1/1) D:6
   Lair: D:8-11         Orc: D:9-12

Altars:
Ashenzari
Cheibriados
Dithmenos
Elyvilon
Fedhas
Gozag
Hepliaklqana
Kikubaaqudgha
Makhleb
Nemelex Xobeh
Okawaru
Qazlal
Ru
Sif Muna
Trog
Uskayaw
Vehumet
Wu Jian
Xom
Yredelemnul
Zin
The Shining One

Shops:
D:8 *

Annotations:
D:3 2 transporters


Innate Abilities, Weirdness & Mutations

You cannot wear most types of armour.
You are very stealthy in the water. (Stealth+)
You are amphibious.
You can wear up to eight rings at the same time.
You can use your tentacles to constrict eight enemies at once.
Your skin changes colour to match your surroundings (Stealth+).
Your rubbery body absorbs attacks. (AC +1, EV +1)


Message History

The warg is moderately wounded.
The warg closely misses you.
You barely miss the warg.
The warg is moderately wounded.
The warg barely misses you. The warg closely misses you.
You miss the warg. You squeeze the warg.
The warg is heavily wounded.
The warg bites you!
You closely miss the warg.
The warg is heavily wounded.
The warg bites you! x2
You hit the warg but do no damage. You squeeze the warg.
The warg is heavily wounded.
The warg completely misses you.
You slash the warg!
The warg is severely wounded.
The warg bites you!
* * * LOW HITPOINT WARNING * * *
The warg bites you!
You die...

######################
#......P..............
#..............P......
#....≈≈≈≈≈≈≈≈≈≈≈≈≈≈≈≈≈
#....≈≈≈≈≈≈≈≈≈≈≈≈≈≈≈≈≈
#....≈≈#####≈@≈≈≈≈≈≈≈≈
#....≈≈#.o.#h.........
#....≈≈#...###########
#....≈≈###+#
#....≈≈≈.# #....≈≈≈.#
#....≈≈≈.# #....≈≈≈.#
#.P..≈≈≈.#


You could see a warg.

Vanquished Creatures
  A centaur skeleton (D:9)
  3 hippogriffs
  Sigmund (D:2)
  A spriggan (D:7)
  A hungry ghost (D:8)
  5 wargs (D:9)
  2 water moccasins
  An orc warrior (D:7)
  2 ice beasts
  A phantom (D:6)
  A necrophage (D:6)
  A centaur (D:5)
  3 ogres
  A bullfrog (D:9)
  A scorpion (D:7)
  4 wights (D:6)
  3 crimson imps
  A bullfrog zombie (D:5)
  A quasit (D:6)
  4 orc priests
  A gnoll shaman (D:4)
  2 hounds
  A bullfrog skeleton (D:7)
  10 orc wizards
  6 worker ants
  A killer bee zombie (D:4)
  3 gnolls (D:4)
  15 adders
  2 howler monkey skeletons
  3 shadow imps
  An adder zombie (D:5)
  7 worms
  6 leopard geckos
  39 orcs
  9 giant cockroaches
  7 goblins
  6 hobgoblins
  3 jackals (D:3)
  5 kobolds
  6 quokkas
  3 ball pythons
  8 bats
  4 frilled lizards
  A quokka zombie (D:6)
  7 rats
194 creatures vanquished.

Vanquished Creatures (others)
  A wizard (D:7)
  A plant (D:9)
2 creatures vanquished.

Grand Total: 196 creatures vanquished

Notes
Turn   | Place    | Note
-------+----------+-------------------------------------------
     0 | D:1      | iamserjio the Octopode Wanderer began the quest for the Orb.
     0 | D:1      | iamserjio set off with: a +2 hand crossbow, 28 bolts, a scroll of teleportation, a potion of lignification, a ration
     0 | D:1      | Reached XP level 1. HP: 19/19 MP: 1/1
   173 | D:1      | Reached skill level 1 in Stealth
   176 | D:1      | Reached XP level 2. HP: 25/25 MP: 2/2
   529 | D:2      | Reached skill level 2 in Stealth
   529 | D:2      | Reached XP level 3. HP: 27/30 MP: 3/3
  1303 | D:2      | Noticed Sigmund
  1525 | D:2      | Reached XP level 4. HP: 36/36 MP: 4/4
  1575 | D:3      | Reached skill level 3 in Stealth
  1817 | D:3      | Reached XP level 5. HP: 41/41 MP: 5/5
  1882 | D:3      | Found a blossoming altar of Fedhas.
  1882 | D:3      | Found a burning altar of Makhleb.
  1886 | D:3      | Found a transporter.
  1903 | D:3      | Found a transporter.
  2040 | D:3      | Found a sacrificial altar of Ru.
  2051 | D:3      | Reached skill level 4 in Stealth
  2240 | D:3      | Reached XP level 6. HP: 41/46 MP: 6/6
  2612 | D:4      | Reached skill level 5 in Dodging
  2873 | D:4      | Reached skill level 5 in Stealth
  3045 | D:4      | Found a glowing golden altar of the Shining One.
  3273 | D:4      | Reached XP level 7. HP: 41/52 MP: 7/7
  3670 | D:4      | Found a radiant altar of Vehumet.
  4133 | D:2      | Killed Sigmund
  4133 | D:2      | Reached skill level 6 in Stealth
  4447 | D:5      | Entered Level 5 of the Dungeon
  5402 | D:5      | Reached skill level 7 in Stealth
  5402 | D:5      | Reached XP level 8. HP: 45/57 MP: 8/8
  5811 | D:6      | Reached skill level 8 in Stealth
  6267 | D:6      | Found a staircase to the Ecumenical Temple.
  6274 | Temple   | Entered the Ecumenical Temple
  6510 | Temple   | Became a worshipper of Dithmenos the Shadowed
  6715 | D:6      | Reached skill level 1 in Invocations
  6786 | D:6      | Reached skill level 1 in Long Blades
  7063 | D:6      | Reached XP level 9. HP: 58/63 MP: 8/10
  7345 | D:7      | Reached skill level 9 in Stealth
  7707 | D:7      | Found a bloodstained altar of Trog.
  7708 | D:7      | Noticed a wizard
  7714 | D:7      | Killed a wizard
  8020 | D:8      | Found Deckio's Assorted Antiques.
  8028 | D:8      | Bought 2 pink potions for 55 gold pieces
  8028 | D:8      | Bought a scroll labeled BOQOECLIGIRPH for 31 gold pieces
  8037 | D:8      | Found an iron altar of Okawaru.
  8284 | D:8      | Found an opulent altar of Gozag.
  8295 | D:8      | Found a radiant altar of Vehumet.
  8542 | D:8      | Noticed a two-headed ogre
  8790 | D:8      | Found a hide-covered altar of Uskayaw.
  9204 | D:9      | Found a shadowy altar of Dithmenos.
  9231 | D:9      | Reached skill level 5 in Long Blades
  9231 | D:9      | Reached XP level 10. HP: 71/71 MP: 12/12
  9412 | D:9      | Reached skill level 10 in Stealth
  9416 | D:9      | Reached * piety under Dithmenos
  9935 | D:9      | Found a bloodstained altar of Trog.
 10248 | D:9      | Slain by a warg

Vault maps used:
D:1:      minmay_arrival_cross, glass_columns_a
D:2:      uniq_sigmund
D:3:      gammafunk_temple_overflow_arena, nicolae_ru_sacrificial_ziggurat
D:4:      lemuel_round_altar, vehumet_altar_wand_db
D:5:      first_ration, hangedman_decor_push
D:6:      minmay_temple_entry_crystal_x
D:7:      the_bakery, hangedman_decor_lopped, trog_wizard
D:8:      okawaru_trees_2, lemuel_coloured_pillars_altar, kennysheep_mini,
          serial_shops, nicolae_shop_overgrown_old_shop, basic_altar
D:9:      lemuel_castle_with_subvaults, lemuel_crystal_altar,
          grunt_dithmenos_smoke_and_mirrors, uniq_psyche
Temple:   dpeg_chambers_temple

Skill      XL: |  1  2  3  4  5  6  7  8  9 10 |
---------------+-------------------------------+-----
Stealth        | 1 2 3 4 5 7 8 9 10 | 10.4
Dodging        | 2 3 4 5 7 8 9 |  9.5
Invocations    | 1 3 |  3.0
Long Blades    | 1 5 6 |  6.1
Fighting       | 7 |  7.8
Crossbows      | |  1.0
Throwing       | |  1.0
Evocations     | |  1.1

Action                   |  1- 3 |  4- 6 |  7- 9 | 10-12 || total
-------------------------+-------+-------+-------+-------++-------
Melee: Dagger            |    14 |   134 |   259 |    45 ||   452
       Constrict         |     3 |    33 |    48 |     3 ||    87
       Tentacles         |     1 |    20 |    42 |    21 ||    84
       Scimitar          |       |       |       |    22 ||    22
 Fire: Hand crossbow     |    63 |     9 |     3 |       ||    75
Throw: Tomahawk          |       |       |     3 |     8 ||    11
  Use: Scroll            |       |       |    16 |     1 ||    17
       Potion            |       |       |     2 |       ||     2
 Stab: Sleeping          |     3 |     9 |    20 |     5 ||    37
       Distracted        |       |     1 |     1 |       ||     2
  Eat: Chunk             |       |     7 |    14 |     5 ||    26
       Ration            |       |       |     1 |       ||     1
Armor: Skin              |     3 |     7 |    12 |       ||    22
Dodge: Dodged            |    27 |    91 |   168 |    49 ||   335
       Rpst.: Scimitar   |       |       |       |     7 ||     7

Table legend:
 A = Spawn XP
 B = Non-spawn XP
 C = Spawn XP percentage of total XP
 D = Spawn monster count
 E = Non-spawn monster count
 F = Spawn count percentage of total count
 G = Total turns spent on level
                    A         B        C        D         E        F      G
               +---------+---------+-------+---------+---------+-------+---------
         Total |       0 |    6203 |   0.0 |       0 |     194 |   0.0 | 10248
               +---------+---------+-------+---------+---------+-------+---------
           D:1 |       0 |      24 |   0.0 |       0 |      15 |   0.0 |   642
           D:2 |       0 |     283 |   0.0 |       0 |      18 |   0.0 |  1369
           D:3 |       0 |     265 |   0.0 |       0 |      42 |   0.0 |  1073
           D:4 |       0 |     370 |   0.0 |       0 |      31 |   0.0 |  1373
           D:5 |       0 |     678 |   0.0 |       0 |      24 |   0.0 |  1264
           D:6 |       0 |     791 |   0.0 |       0 |      21 |   0.0 |  1210
           D:7 |       0 |     980 |   0.0 |       0 |      15 |   0.0 |  1045
           D:8 |       0 |    1109 |   0.0 |       0 |      12 |   0.0 |   915
           D:9 |       0 |    1703 |   0.0 |       0 |      16 |   0.0 |  1093
               +---------+---------+-------+---------+---------+-------+---------
